Frizzbo, neutral female sylph Wizard ------|----- |....B.....u -..........| |aM........| |D<........| |..Mu......| |..E........ ------------ Frizzbo the Conjurer Experience level: 3 Strength: 15 Dexterity: 8 Constitution: 11 Intelligence: 17 Wisdom: 19 Charisma: 14 Health: 0(26) Energy: 23(25) Def: 1 Gold: 667 Moves: 2286 Dungeon seed: 7OLcpBoIlN5BdnUB Game ID: Frizzbo_1465766927 Your Inventory: Coins $ - 667 gold pieces Weapons a - a blessed +1 quarterstaff (weapon in hands) o - an uncursed +0 orcish dagger (alternate weapon; not wielded) Armor e - an uncursed +0 cloak of magic resistance (being worn) Comestibles q - an uncursed sprig of wolfsbane r - an uncursed food ration Scrolls k - 2 uncursed scrolls of enchant weapon n - an uncursed scroll of identify t - an uncursed scroll of scare monster Spellbooks b - a blessed spellbook of force bolt c - an uncursed spellbook of identify Potions f - an uncursed potion of gain energy g - 2 uncursed potions of healing j - an uncursed potion of booze Wands p - an uncursed wand of enlightenment (0:14) Tools u - an uncursed tin whistle Gems y - an uncursed worthless piece of violet glass Spells and supernatural/magical abilities: Name Level Category Fail Memory a - force bolt 1 attack 0% 89% I - identify 3 divination 93% 89% W - pray for help -- divine ? -- Your skills at the end: Miscellaneous Skills wands [Basic] Weapon Skills dagger [Basic] quarterstaff [Basic] Spellcasting Skills attack spells [Basic] enchantment spells [Basic] Final Attributes: You were devoutly aligned. You were magic-protected. You saw invisible. You were stealthy. You were protected from shape changers. You are dead. Vanquished creatures: a rock mole 2 giant ants a kitten an iguana a giant bat a coyote 2 geckos a brown mold a yellow mold a gnome a garter snake 2 gnome zombies 5 jackals 2 foxes 2 kobolds 2 newts a goblin 3 sewer rats 4 grid bugs 2 lichens a kobold zombie 37 creatures vanquished. Voluntary challenges: You were vegetarian. You did not adorn yourself with jewelry or accessories. You were an atheist. You used a wielded weapon 38 times, starting on turn 71. You did not use tools. You read items or engraved 1 time, starting on turn 650. You never genocided any monsters. You never polymorphed an object. You never changed form. You used no wishes. You never split a pudding. You never wrote Elbereth's name. You never violated your personal moral code. Dungeon overview: The Dungeons of Doom: levels 1 to 6 Level 1 a fountain a long staircase Level 2 a fountain Level 3 a long staircase Level 4 a fountain Level 5 Level 6 <- You were here an altar to Thoth History has recorded: On T:1 you entered the Dungeons of Doom to retrieve the Amulet of Yendor! On T:317 you advanced to experience level 2. On T:403 you reached level 2 of The Dungeons of Doom. On T:656 you reached level 3 of The Dungeons of Doom. On T:1235 you advanced to experience level 3. On T:1257 you reached level 4 of The Dungeons of Doom. On T:1835 you reached level 5 of The Dungeons of Doom. On T:2279 you reached level 6 of The Dungeons of Doom. Score breakdown: Gold: 667 ( 66 points) Experience: 3 levels ( 200 points) Exploration: 6 levels ( 150 points) Discoveries: 0 items ( 0 points) Variety of kills: 21 monsters ( 1050 points) Major goal: (nothing yet) ( 0 points) Survival: died (score multiplied by 3) Total score: 4398 Latest messages: The giant bat bites! Boing! Nogard bites the giant bat. The giant bat misses Nogard. The giant bat bites! (2x) Pick an object. Never mind. Nogard misses the giant bat. FIQ scratches Nogard. You see here a whistle. Nogard bites FIQ. FIQ scratches Nogard. (2x) u - a whistle. Nogard bites the gnome mummy. The gnome mummy misses Nogard. The white unicorn butts! The white unicorn kicks! The white unicorn butts! You die... Final status: Goodbye Frizzbo the Wizard, killed by a white unicorn... You died in The Dungeons of Doom on dungeon level 6 with 4398 points, and 667 pieces of gold, after 2286 moves. You were level 3 with a maximum of 26 hit points when you died.